 Dungeon Crawl Stone Soup version 0.30.0-16-gbe6223bb7e (webtiles) character file.

Game seed: 7902771748622637140

24194 NateTC the Marksspriggan (level 12, -1/50 (52) HPs)
             Began as a Spriggan Hunter on May 20, 2023.
             Was an Elder of Hepliaklqana.
             Engulfed by a cloud of foul pestilence (13 damage)
             ... in a Gauntlet.
             The game lasted 00:33:30 (13307 turns).

NateTC the Marksspriggan (Spriggan Hunter)         Turns: 13307, Time: 00:33:30

HP:   -1/50 (52)    AC: 11    Str: 12    XL:     12   Next: 78%
MP:   13/13         EV: 34    Int:  8    God:    Hepliaklqana [****..]
Gold: 325           SH:  0    Dex: 23    Spells: 11/11 levels left

rFire   + . .        a - +1 arbalest of a Gauntlet {heavy, Str+5}
rCold   . . .        (shield currently unavailable)
rNeg    . . .        B - +2 robe {rF+}
rPois   .            (helmet restricted)
rElec   .            e - +2 cloak of the Thief {*Fog Slay-2 SInv Stlth+}
rCorr   .            (gloves unavailable)
SInv    +            (boots unavailable)
Will    ++++.        A - necklace of Bloodlust {Fury *Rage Will++ Int-3 Slay+6}
Stlth   ++++++++     q - +5 ring of evasion
HPRegen 0.28/turn    u - +4 ring of protection
MPRegen 0.13/turn

%: no teleportation, random rage (50%)
@: lethally poisoned (-1 -> -79), slowed, lightly drained, quick
A: reduced essence, very small, no large weapons, unfitting armour, see
invisible, speed 3
a: Renounce Religion, Recall Ancestor, Ancestor Identity, Transference, Idealise


You were in a Gauntlet.
You worshipped Hepliaklqana.
Hepliaklqana was greatly pleased with you.
You visited 3 branches of the dungeon, and saw 15 of its levels.
You also visited: Gauntlet.

You collected 868 gold pieces.
You spent 543 gold pieces at shops.

Inventory:

Hand Weapons
 a - the +1 arbalest of a Gauntlet (weapon) {heavy, Str+5}
   (You found it on level 5 of the Dungeon)

   Str:       It affects your strength (+5).
 b - a +4 heavy dagger
 J - the +1 scimitar of the Curious Moons {venom, Str+3}
   (You found it on level 3 of the Lair of Beasts)

   Str:       It affects your strength (+3).
Missiles
 c - a throwing net
Armour
 e - the +2 cloak of the Thief (worn) {*Fog Slay-2 SInv Stlth+}
   (You acquired it on level 6 of the Dungeon)

   *Fog:      It may release a thick cloud of smoke when the wearer is hurt.
   Slay:      It affects your accuracy & damage with ranged weapons and melee
   (-2).
   SInv:      It lets you see invisible.
   Stlth:     It makes you more stealthy.
 B - a +2 robe of fire resistance (worn)
Jewellery
 k - a ring of protection from cold
 q - a +5 ring of evasion (left hand)
 u - a +4 ring of protection (right hand)
 A - the necklace of Bloodlust (around neck) {Fury *Rage Will++ Int-3 Slay+6}
   (You bought it in a shop on level 9 of the Dungeon)

   [amulet of nothing]

   Fury:      It extends the wearer's berserk rage when killing foes.
   Int:       It affects your intelligence (-3).
   Slay:      It affects your accuracy & damage with ranged weapons and melee
   (+6).
   *Rage:     It berserks you when you make melee attacks (+50% chance).
   Will:      It greatly increases your willpower.
 I - an amulet of faith
 M - a ring of magical power
Wands
 h - a wand of roots (16)
 w - a wand of mindburst (9)
 x - a wand of flame (2)
 D - a wand of digging (2)
 F - a wand of charming (6)
 G - a wand of polymorph (3)
Scrolls
 m - 3 scrolls of amnesia
 n - 3 scrolls of poison
 p - 2 scrolls of magic mapping
 r - 11 scrolls of teleportation
 t - 4 scrolls of fog
 y - 2 scrolls of identify
 z - a scroll of blinking
 H - 2 scrolls of immolation
Potions
 d - a potion of magic
 f - 4 potions of heal wounds
 g - 6 potions of curing
 i - 3 potions of resistance
 j - 4 potions of attraction
 l - 3 potions of brilliance
 o - 2 potions of degeneration
 s - a potion of flight
 v - 2 potions of haste
 C - a potion of cancellation
 E - a potion of lignification
 K - a potion of ambrosia
 L - a potion of mutation {unknown}


   Skills:
 * Level 4.6 Fighting
 * Level 16.3 Ranged Weapons
 - Level 12.2 Dodging
 - Level 15.8 Stealth


You had 11 spell levels left.
You didn't know any spells.
Your spell library contained the following spells:

 Spells                   Type           Power      Damage    Failure   Level
 Lesser Beckoning         Tloc           0%         N/A       54%         2
 Static Discharge         Conj/Air       0%         2-2/arc   54%         2
 Sublimation of Blood     Necr           0%         N/A       54%         2
 Gell's Gravitas          Tloc           0%         N/A       78%         3
 Teleport Other           Tloc           0%         N/A       78%         3
 Airstrike                Air            0%         2d(0-16)  99%         4
 Olgreb's Toxic Radiance  Pois           0%         N/A       99%         4
 Petrify                  Tmut/Erth      0%         N/A       99%         4
 Summon Lightning Spire   Summ/Air       0%         N/A       99%         4
 Irradiate                Conj/Tmut      0%         3d11      100%        5
 Discord                  Hex            0%         N/A       100%        8
 Ignition                 Fire           0%         3d3       100%        8


Dungeon Overview and Level Annotations

Branches:
Dungeon (11/15) Zot: 26311  Temple (1/1) D:6 Zot: 5945    Lair (3/5) D:11 Zot: 16257
  Swamp (0/4) Lair:2        Snake (0/4) Lair:2          Orc (0/2) D:10
Gauntlet (1/1) Zot: 5526

Altars:
Ashenzari
Cheibriados
Dithmenos
Elyvilon
Fedhas
Gozag
Hepliaklqana
Kikubaaqudgha
Makhleb
Nemelex Xobeh
Okawaru
Qazlal
Ru
Sif Muna
Trog
Uskayaw
Vehumet
Wu Jian
Xom
Yredelemnul
Zin
The Shining One

Shops:
D:5 *   D:9 *:??*   D:10 *

Annotations:
D:5 2 transporters, Demosthentine's ghost, novice DsGl
D:10 2 transporters Gauntlet 11 transporters, exclusion: orange crystal statue


Innate Abilities, Weirdness & Mutations

Your life essence is reduced to manifest your ancestor. (-10% HP)
You are very small and have problems with some larger weapons.
You are too small for most types of armour.
You have supernaturally acute eyesight. (SInv)
You cover ground extremely quickly. (Speed+++)


Message History

The death drake fails to trigger a net trap.
The centaur warrior zombie enters a dispersal trap!
You blink.
The centaur warrior zombie blinks!
You shoot a bolt.
The bolt hits the spectral wolf spider but does no damage.
The spectral wolf spider closely misses you.
The spectral wolf spider bites you but does no damage.
You shoot a bolt. The bolt hits the death drake!!
The death drake is heavily wounded.
The spectral wolf spider completely misses you.
The spectral wolf spider closely misses you.
The death drake misses you.
The centaur warrior zombie fails to trigger a net trap.
The spectral wolf spider hits you!
You feel drained.
The spectral wolf spider barely misses you.
The death drake bites you but does no damage.
The death drake closely misses you.
The death drake fails to trigger a net trap.
The spectral redback fails to trigger a net trap.
The death drake breathes miasma at you. The foul vapour misses you.
You are engulfed in dark miasma.
You are poisoned.
You feel yourself slow down.
You feel very sick.
You are engulfed in dark miasma.
You are lethally poisoned!
With a swish of your cloak, you release a cloud of fog.
* * * LOW HITPOINT WARNING * * *
You feel extremely sick.
The spectral wolf spider enters a dispersal trap!
The spectral redback blinks!
The death drake blinks!
The death drake fails to trigger a net trap.
The centaur warrior zombie blinks!
You blink.
The spectral wolf spider blinks!
The death drake closely misses you.
You shoot a bolt. The bolt hits the death drake!!!
You kill the death drake!
You are engulfed in dark miasma.
You are more poisoned.
You die...

#####..........#.#.........#
###§.....#########.###########
#8#......#©........#≈≈§≈8§≈≈≈#
###..#############.###########
#..##.......##.#.#5........#
#..#.#.....#.#.#.#4#.....#.#
#..#..#...#^.#.#.#..##.##..#
#≈8§#..#...#©#°Z°#.#.#}.##.##..#
##.§.#..#...^#^°@°#.#©#5.#.©.#.5#
...8.####...#.#°Z°#.###..##.##..#
#.....©#.^#...#°°#...#?.##.##..#
##.8.####.#§....#°#...#.#.....#.#
.....#..##§§§§!Z.##...#.........#
#.8.#..###########...###########
##...#≈.............§............
...8.#∩............§8≈§..........
##...#≈§............≈§...........


You could see an ice devil, a spectral wolf spider, a spectral redback, 2 white
imps and a centaur warrior zombie.

Vanquished Creatures
  A hydra (Lair:2)
  A catoblepas (Lair:2)
  A ghost crab (Lair:2)
  A two-headed ogre (D:11)
  A death drake (Gauntlet)
  A spectral hydra (Lair:2)
  4 cane toads
  Psyche (D:8)
  An efreet (D:9)
  2 unseen horrors
  8 komodo dragons
  A troll (D:11)
  2 polar bears
  4 hornets
  4 blink frogs (Lair:2)
  A shadow (D:10)
  23 yaks
  4 steam dragons
  4 wyverns
  4 basilisks (Lair:2)
  A spectral komodo dragon (Lair:2)
  2 vampire mosquitoes (D:11)
  Edmund (D:5)
  2 nagas (Lair:2)
  An acid dragon (Gauntlet)
  2 spectral cane toads (Lair:2)
  9 water moccasins
  5 orc warriors
  2 black bears
  2 ice beasts
  A sky beast (D:3)
  An ogre (D:4)
  A spectral rime drake (Lair:2)
  4 centaurs
  2 gnoll sergeants (D:8)
  2 kobold brigands
  5 scorpions
  2 small abominations (Gauntlet)
  5 bullfrogs
  7 wights
  3 howler monkeys
  A hound (D:7)
  3 jellies
  11 orc priests
  A gnoll bouda (D:8)
  14 orc wizards
  Natasha (twice) (D:2)
  10 iguanas
  10 gnolls
  7 adders
  3 shadow imps
  A white imp (D:7)
  2 ufetubi
  2 dart slugs
  51 orcs
  2 endoplasms
  A giant cockroach (D:2)
  5 goblins
  5 hobgoblins
  6 jackals
  14 kobolds
  8 quokkas
  4 ball pythons
  2 bats
  2 frilled lizards
  6 rats
302 creatures vanquished.

Vanquished Creatures (collateral kills)
  A catoblepas (Lair:1)
  A cyclops (D:8)
  An oklob plant (Gauntlet)
  A black mamba (Lair:1)
  A cane toad (Lair:1)
  A spectral black mamba (Lair:2)
  4 yaks
  A wyvern (D:9)
  A wraith (D:10)
  A basilisk (D:11)
  A naga (Lair:2)
  An orc warrior (D:10)
  A spectral water moccasin (Lair:2)
  A small abomination (Gauntlet)
  An iguana (Lair:2)
  A gnoll (D:8)
19 creatures vanquished.

Vanquished Creatures (others)
  3 knights (Lair:2)
3 creatures vanquished.

Grand Total: 324 creatures vanquished

Notes
Turn   | Place    | Note
-------+----------+-------------------------------------------
     0 | D:1      | NateTC the Spriggan Hunter began the quest for the Orb.
     0 | D:1      | Reached XP level 1. HP: 10/10 MP: 2/2
   368 | D:1      | Reached XP level 2. HP: 9/14 MP: 3/3
   828 | D:2      | Noticed Natasha
   833 | D:2      | Killed Natasha
   834 | D:2      | Reached XP level 3. HP: 18/18 MP: 4/4
   942 | D:2      | Noticed Natasha
  1001 | D:2      | Killed Natasha
  1002 | D:2      | Reached skill level 5 in Ranged Weapons
  1002 | D:2      | Reached XP level 4. HP: 22/22 MP: 5/5
  1840 | D:3      | Reached XP level 5. HP: 17/25 MP: 6/6
  2034 | D:3      | Reached skill level 6 in Ranged Weapons
  2034 | D:3      | Reached skill level 5 in Stealth
  2470 | D:3      | Noticed a sky beast
  2482 | D:3      | Killed a sky beast
  2483 | D:3      | Reached XP level 6. HP: 20/30 MP: 7/7
  2889 | D:4      | Reached skill level 7 in Ranged Weapons
  3194 | D:4      | Reached XP level 7. HP: 30/33 MP: 8/8
  3274 | D:4      | Found a broken altar of Ashenzari.
  3640 | D:5      | Entered Level 5 of the Dungeon
  3640 | D:5      | Noticed Demosthentine's ghost (novice DsGl)
  3640 | D:5      | Found a transporter.
  3640 | D:5      | Found a transporter.
  3798 | D:5      | Reached skill level 8 in Ranged Weapons
  4006 | D:5      | Reached XP level 8. HP: 39/39 MP: 9/9
  4020 | D:5      | Found Muilauz's Assorted Antiques.
  4083 | D:5      | Identified the +1 arbalest of a Gauntlet {heavy, Str+5}
  4114 | D:5      | Noticed Edmund
  4124 | D:5      | Killed Edmund
  4125 | D:5      | Reached skill level 9 in Ranged Weapons
  4247 | D:5      | Found a shimmering altar of Xom.
  4789 | D:6      | Found a white marble altar of Elyvilon.
  4873 | D:6      | Found a staircase to the Ecumenical Temple.
  4896 | Temple   | Entered the Ecumenical Temple
  4976 | Temple   | Became a worshipper of Hepliaklqana the Forgotten
  5323 | D:6      | Identified a scroll of acquirement
  5323 | D:6      | Acquired the +2 cloak of the Thief {*Fog Slay-2 SInv
                  | Stlth+}
  5323 | D:6      | Found the +2 cloak of the Thief {*Fog Slay-2 SInv Stlth+}
  5419 | D:7      | Reached skill level 10 in Ranged Weapons
  5602 | D:7      | Reached XP level 9. HP: 41/45 MP: 10/10
  5766 | D:7      | Reached skill level 5 in Dodging
  5808 | D:7      | Found an opulent altar of Gozag.
  5843 | D:7      | Reached * piety under Hepliaklqana
  6096 | D:7      | You fall into a shaft and drop 2 floors!
  6179 | D:9      | Found Kogiem's Book Shop.
  6186 | D:9      | Found Zaciu's General Store.
  6188 | D:9      | Found Feq Cial's Magic Scroll Emporium.
  6202 | D:9      | Found Tuwusuij's Magic Scroll Emporium.
  6207 | D:9      | Reached skill level 11 in Ranged Weapons
  6226 | D:9      | Found Quonk's Assorted Antiques.
  6280 | D:9      | Noticed an unseen horror
  6286 | D:9      | Noticed a wizard
  6286 | D:9      | Noticed a tengu conjurer
  6289 | D:9      | Killed an unseen horror
  6372 | D:9      | Noticed an efreet
  6373 | D:9      | Noticed a troll
  6373 | D:9      | Noticed a red ugly thing
  6441 | D:9      | Noticed an efreet
  6443 | D:9      | Killed an efreet
  6769 | D:10     | Entered Level 10 of the Dungeon
  6772 | D:10     | Reached XP level 10. HP: 44/44 MP: 11/11
  6930 | D:7      | Reached skill level 12 in Ranged Weapons
  7077 | D:7      | Found an ornate altar of the Wu Jian Council.
  7636 | D:8      | Reached skill level 10 in Dodging
  7848 | D:8      | Found a large runed translucent door.
  7849 | D:8      | Found a large runed translucent door.
  7889 | D:8      | Found a radiant altar of Vehumet.
  7953 | D:8      | Reached ** piety under Hepliaklqana
  7954 | D:8      | Remembered your ancestor Katchki as a knight
  7992 | D:8      | Noticed Psyche
  7996 | D:8      | Killed Psyche
  8032 | D:8      | Noticed a cyclops
  8037 | D:8      | Killed a cyclops
  8091 | D:9      | Bought the necklace of Bloodlust {Fury *Rage Will++ Int-3
                  | Slay+6} for 543 gold pieces
  8091 | D:9      | Found the necklace of Bloodlust {Fury *Rage Will++ Int-3
                  | Slay+6}
  8260 | D:10     | Noticed an orc sorcerer
  8332 | D:10     | Found a staircase to the Orcish Mines.
  8391 | D:10     | Reached skill level 13 in Ranged Weapons
  8438 | D:10     | Found a transporter.
  8440 | D:10     | Found a transporter.
  8440 | D:10     | Noticed a two-headed ogre
  8441 | D:10     | Noticed a cyclops
  8444 | D:10     | Noticed a cyclops
  8445 | D:10     | Noticed a cyclops
  8551 | D:10     | Found Mueck's General Store.
  8767 | D:10     | Reached XP level 11. HP: 30/47 MP: 12/12
  9127 | D:8      | Found an iron altar of Okawaru.
  9131 | D:8      | Found a burning altar of Makhleb.
  9547 | D:11     | Reached *** piety under Hepliaklqana
  9598 | D:11     | Noticed a two-headed ogre
  9602 | D:11     | Killed a two-headed ogre
  9680 | D:11     | Found a staircase to the Lair.
 10149 | Lair:1   | Entered Level 1 of the Lair of Beasts
 10170 | Lair:1   | Reached skill level 14 in Ranged Weapons
 10194 | Lair:1   | Reached skill level 10 in Stealth
 10440 | Lair:1   | Noticed a catoblepas
 10447 | Lair:1   | Killed a catoblepas
 10705 | Lair:1   | Reached **** piety under Hepliaklqana
 11327 | Lair:2   | Reached skill level 15 in Ranged Weapons
 11367 | Lair:2   | Reached XP level 12. HP: 52/52 MP: 13/13
 11470 | Lair:2   | Noticed a seven-headed hydra
 11496 | Lair:2   | Killed a seven-headed hydra
 11740 | Lair:2   | Noticed a catoblepas
 11751 | Lair:2   | Killed a catoblepas
 11820 | Lair:2   | Found a staircase to the Snake Pit.
 11859 | Lair:2   | Reached skill level 15 in Stealth
 11929 | Lair:2   | Found a staircase to the Swamp.
 11929 | Lair:2   | Noticed a ghost crab
 12078 | Lair:2   | Killed a ghost crab
 12079 | Lair:2   | Reached skill level 16 in Ranged Weapons
 12376 | Lair:3   | Identified the +1 scimitar of the Curious Moons {venom,
                  | Str+3}
 12549 | Lair:3   | Found a gate leading to a gauntlet.
 12558 | Gauntlet | Entered a Gauntlet
 12558 | Gauntlet | Found a transporter.
 12558 | Gauntlet | Found a transporter.
 12562 | Gauntlet | Found a transporter.
 12562 | Gauntlet | Found a transporter.
 12566 | Gauntlet | Noticed a death scarab
 12572 | Gauntlet | Found a transporter.
 12572 | Gauntlet | Noticed a catoblepas
 12582 | Gauntlet | Found a transporter.
 12588 | Gauntlet | Found a transporter.
 12596 | Gauntlet | Found a transporter.
 12597 | Gauntlet | Found a transporter.
 12647 | Gauntlet | Found a transporter.
 12669 | Gauntlet | Found a transporter.
 12715 | Gauntlet | Found a transporter.
 12729 | Gauntlet | Found a transporter.
 12831 | Gauntlet | Found a transporter.
 12845 | Gauntlet | Found a transporter.
 12858 | Gauntlet | Found a transporter.
 13307 | Gauntlet | Engulfed by a cloud of foul pestilence

Illustrated notes

Levels and vault maps discovered:
D:1:      elethiomel_arrival_infinity_welcomes_careful_drivers,
          layout_loops_ring
D:2:      layout_basic, uniq_natasha
D:3:      layout_basic
D:4:      layout_loops_corners, old_standard_altar, grunt_decor_mini_mirrors,
          hangedman_decor_push, hangedman_decor_slide_cut
D:5:      layout_rooms, tgw_xom, serial_shops, nicolae_inconvenience_store,
          gammafunk_ghost_mausoleum, uniq_edmund
D:6:      layout_gridville, amcnicky_altar_gilded,
          minmay_temple_entry_offerings, st_stairs_8
D:7:      layout_basic, nzn_wu_jian_council_hall,
          mainiacjoe_overflow_six_doors_small, st_stairs_4, hex_tiny,
          grunt_ministairs_3, kennysheep_small_circle
D:8:      layout_basic, nicolae_vehumet_altar_sigil, jmf_multi_god_temple2,
          uniq_psyche
D:9:      layout_rooms, serial_shops, shop, nicolae_shop_advertising_works
          [nicolae_subvault_shop_adworks], shop, nicolae_stop_n_shop_2, shop,
          nicolae_eternal_life, onia_ninara_dug_in_and_dangerous
D:10:     gammafunk_beogh_shrine, layout_loops_ring,
          minmay_orc_entry_temple_small, minmay_shop_grid_forest
D:11:     layout_basic, lair_entry_dummy, skrybe_limestone_x
Temple:   compressed_dpeg_circular_temple
Lair:1:   layout_gridlike, serial_bayou_shore_b, grunt_megastairs_2
Lair:2:   beast_lair_carwin_large_4, layout_misc_corridors,
          nicolae_swamp_entry_spooky, nicolae_snake_entry_squirm,
          grunt_megastairs_5
Lair:3:   layout_hall_layers, gauntlet_entry_generic, st_stairs_4,
          lemuel_old_faithful
Gauntlet: gammafunk_gauntlet_branching [nicolae_gauntlet_arena_flowing_pool,
          gammafunk_gauntlet_arena_corners, nicolae_gauntlet_arena_t_cross,
          gammafunk_gauntlet_arena_mazey, nicolae_gauntlet_arena_blocks,
          nicolae_gauntlet_arena_grate_2, gammafunk_gauntlet_arena_spirals,
          nicolae_gauntlet_arena_x, gauntlet_exit_green]

Skill      XL: |  1  2  3  4  5  6  7  8  9 10 11 12 |
---------------+-------------------------------------+-----
Stealth        | 2 3 4 5 6 7 13 15 | 15.8
Ranged Weapons | 5 6 7 8 10 11 13 15 16 | 16.3
Fighting       | 2 3 4 |  4.6
Dodging        | 4 9 12 | 12.2

Action                     |  1- 3 |  4- 6 |  7- 9 | 10-12 || total
---------------------------+-------+-------+-------+-------++-------
   Fire: Shortbow          |    60 |   143 |   110 |       ||   313
         Arbalest          |       |       |   135 |   360 ||   495
 Invoke: Recall Ancestor   |       |       |     1 |    10 ||    11
         Ancestor Identity |       |       |     1 |       ||     1
         Ancestor Life: Kn |       |       |       |     1 ||     1
    Use: Scroll            |     5 |       |    13 |     7 ||    25
 Armour: Robe              |     2 |     5 |    12 |    39 ||    58
  Dodge: Dodged            |    17 |    59 |   133 |   354 ||   563
